 Seeded DCSS version 0.30-a0-358-g0d69a1922f (webtiles) character file.

Game seed: 8607917131626996879 (custom seed)

3882 purpskrrrp the Fighter (level 10, -1/91 HPs)
             Began as a Minotaur Fighter on Nov 9, 2022.
             Was an Elder of Vehumet.
             Slain by an orc warrior
             ... wielding a +0 war axe
              (7 damage)
             ... in a bailey.
             The game lasted 00:10:41 (6041 turns).

purpskrrrp the Fighter (Minotaur Fighter)           Turns: 6041, Time: 00:10:41

Health: -1/91      AC: 15    Str: 24    XL:     10   Next: 0%
Magic:  9/9        EV:  8    Int: 11    God:    Vehumet [****..]
Gold:   603        SH:  6    Dex: 11    Spells: 6/9 levels left

rFire   . . .      SeeInvis .    a - +0 war axe
rCold   . . .      Faith    .    c - +0 buckler
rNeg    . . .      Spirit   .    g - +0 plate armour
rPois   .          Reflect  .    (helmet restricted)
rElec   .          Harm     .    l - scarf {shadows}
rCorr   .          Rampage  .    (no gloves)
Will    .....                    v - +0 pair of boots
Stlth   ..........               q - amulet of regeneration
HPRegen 1.15/turn                m - +6 ring of intelligence
MPRegen 0.11/turn                (no ring)

@: hasted, very quick
A: horns 2, retaliatory headbutt
a: Renounce Religion


You were in a bailey.
You worshipped Vehumet.
Vehumet was greatly pleased with you.
You visited 1 branch of the dungeon, and saw 7 of its levels.
You also visited: Bailey.

You collected 603 gold pieces.

Inventory:

Hand Weapons
 a - a +0 war axe (weapon)
Armour
 b - a +0 scale mail
 c - a +0 buckler (worn)
 g - a +0 plate armour (worn)
 l - a scarf of shadows (worn)
 v - a +0 pair of boots (worn)
 y - a +0 troll leather armour
Jewellery
 m - a +6 ring of intelligence (left hand)
 q - an amulet of regeneration (around neck)
 C - an amulet of the acrobat
Wands
 d - a wand of flame (41)
 t - a wand of iceblast (2)
Scrolls
 f - 2 scrolls of noise {unknown}
 h - 2 scrolls of poison {unknown}
 k - 3 scrolls of fog {unknown}
 n - 3 scrolls of enchant weapon
 o - 5 scrolls of teleportation
 p - 4 scrolls of magic mapping
 r - a scroll of fear {unknown}
 s - a scroll of vulnerability {unknown}
 x - a scroll of brand weapon {unknown}
 B - a scroll of acquirement
Potions
 e - 2 potions of curing
 i - a potion of brilliance
 u - a potion of ambrosia
 w - a potion of haste
 z - a potion of degeneration
 A - a potion of resistance


   Skills:
 * Level 9.0 Fighting
 * Level 8.5 Axes
 * Level 8.8 Armour
 + Level 5.0 Dodging
 * Level 8.9 Shields


You had 6 spell levels left.
You knew the following spells:

 Your Spells              Type           Power      Damage    Failure   Level
a - Call Canine Familiar  Summ           0%         N/A       100%        3

Your spell library contained the following spells:

 Spells                   Type           Power      Damage    Failure   Level
 Hailstorm                Conj/Ice       0%         3d3       97%         3
 Static Discharge         Conj/Air       0%         2-2/arc   86%         2
 Dazzling Flash           Conj/Hex       0%         N/A       97%         3
 Slow                     Hex            0%         N/A       99%         1
 Summon Small Mammal      Summ           0%         N/A       99%         1
 Confusing Touch          Hex            0%         N/A       100%        3
 Summon Guardian Golem    Hex/Summ       0%         N/A       100%        3
 Vampiric Draining        Necr           0%         2d6       100%        3
 Vhi's Electric Charge    Tloc/Air       0%         N/A       100%        3
 Iskenderun's Mystic Bla  Conj/Tloc      0%         2d3       100%        4
 Arcjolt                  Conj/Air       0%         1d10      100%        5
 Lightning Bolt           Conj/Air       0%         1d11      100%        5
 Starburst                Conj/Fire      0%         6d3       100%        6


Dungeon Overview and Level Annotations

Branches:
Dungeon (7/15)             Temple (0/1) D:6          Bailey (1/1)

Altars:
Makhleb
Vehumet
Xom

Shops:
D:7 =

Annotations:
D:5 2 transporters, Darkkill's ghost, novice MiHu
D:7 1 runed translucent door, ytrimaz's ghost, novice FoFi


Innate Abilities, Weirdness & Mutations

You have a pair of horns on your head.
You reflexively headbutt those who attack you in melee.


Message History

You completely miss the gnoll. The gnoll hits you but does no damage.
You slash the gnoll!
You kill the gnoll!
Vehumet accepts your kill.
You closely miss the orc warlord. You closely miss the orc warrior.
Your headbutt misses the orc warrior.
The orc warrior is severely wounded.
You hit the orc warlord but do no damage.
The orc warlord closely misses you.
You closely miss the orc warrior. You headbutt the orc warrior.
The orc warrior is almost dead.
You hit the orc warlord but do no damage.
You closely miss the orc warrior.
The orc warlord hits you with a +2 battleaxe!!
The orc warrior hits you with a +0 broad axe!
* * * LOW HITPOINT WARNING * * *
The orc warrior hits you but does no damage.
You are too injured to fight recklessly!
You are too injured to fight recklessly!
You are too injured to fight recklessly!
You are too injured to fight recklessly!
You are too injured to fight recklessly!
You are too injured to fight recklessly!
You are too injured to fight recklessly!
You are too injured to fight recklessly!
You are too injured to fight recklessly!
You are too injured to fight recklessly!
You are too injured to fight recklessly!
You are too injured to fight recklessly!
You are too injured to fight recklessly!
You are too injured to fight recklessly!
You are too injured to fight recklessly!
Okay, then.
The orc warrior attacks as you move away!
You block the orc warrior's attack.
You feel yourself speed up. The orc warlord barely misses you.
The orc warrior hits you with a +0 broad axe!!
* * * LOW HITPOINT WARNING * * *
The orc warrior hits you with a +0 war axe!
You die...

#....o....# #.........#
##.........## ##.........##
#.....⌠.....#######.....⌠.....#
##.....))..##.....##.))).....##
#.......).#.......#.........#
##......)##)......##.......##
#......)'.........'.......#
##.....##..oo.....##.....##
#######..)o@)))...#######
##.........## #.........#
##.......## #.......# ##.....##
♣♣##'''##♣ ♣........♣♣
♣♣........♣


You could see an orc warlord and 2 orc warriors.

Vanquished Creatures
  A troll (D:7)
  A water moccasin (D:5)
  A black bear (D:6)
  13 orc warriors (Bailey)
  An ice beast (D:6)
  4 sky beasts (D:6)
  An ogre (D:5)
  A phantom (D:7)
  3 bullfrogs (D:6)
  A scorpion (D:5)
  3 necrophages
  4 wights (D:6)
  2 jellies
  6 hounds
  2 orc priests
  Natasha (twice) (D:3)
  7 iguanas
  6 orc wizards
  9 gnolls
  6 adders
  5 white imps
  A worm (D:3)
  2 dart slugs
  27 orcs
  8 ball pythons
  3 bats
  6 endoplasms
  2 giant cockroaches (D:1)
  10 goblins
  17 hobgoblins
  2 quokkas
  5 frilled lizards
  7 kobolds
  9 rats
178 creatures vanquished.

Vanquished Creatures (others)
  An orc wizard (D:7)
1 creature vanquished.

Grand Total: 179 creatures vanquished

Notes
Turn   | Place    | Note
-------+----------+-------------------------------------------
     0 | D:1      | purpskrrrp the Minotaur Fighter began the quest for the
                  | Orb.
     0 | D:1      | Reached XP level 1. HP: 19/19 MP: 0/0
   147 | D:1      | Reached XP level 2. HP: 27/27 MP: 1/1
   613 | D:1      | Reached skill level 4 in Fighting
   832 | D:2      | Reached XP level 3. HP: 33/33 MP: 2/2
   927 | D:2      | Found a faded altar of an unknown god.
  1324 | D:2      | Prayed at the altar of an unknown god.
  1324 | D:2      | Became a worshipper of Vehumet
  1324 | D:2      | Reached * piety under Vehumet
  1324 | D:2      | Offered knowledge of Sandblast by Vehumet.
  1710 | D:3      | Reached skill level 1 in Dodging
  1788 | D:3      | Reached ** piety under Vehumet
  1788 | D:3      | Offered knowledge of Magic Dart by Vehumet.
  1843 | D:3      | Reached XP level 4. HP: 41/41 MP: 3/3
  1970 | D:3      | Reached XP level 5. HP: 35/47 MP: 4/4
  2379 | D:3      | Noticed Natasha
  2382 | D:3      | Killed Natasha
  2383 | D:3      | Reached skill level 5 in Fighting
  2399 | D:3      | Noticed Natasha
  2406 | D:3      | Killed Natasha
  2494 | D:4      | Reached skill level 5 in Shields
  2577 | D:4      | Reached XP level 6. HP: 40/56 MP: 5/5
  2720 | D:4      | Offered knowledge of Kindle Blastsparks by Vehumet.
  2731 | D:4      | Learned a level 3 spell: Call Canine Familiar
  2763 | D:4      | Reached skill level 5 in Armour
  3301 | D:5      | Entered Level 5 of the Dungeon
  3303 | D:5      | Noticed a water moccasin
  3310 | D:5      | Reached XP level 7. HP: 56/62 MP: 6/6
  3311 | D:5      | Reached skill level 5 in Axes
  3413 | D:5      | Reached *** piety under Vehumet
  3457 | D:5      | Found a transporter.
  3483 | D:5      | Reached skill level 6 in Fighting
  3526 | D:5      | Found a radiant altar of Vehumet.
  3629 | D:5      | Offered knowledge of Mephitic Cloud by Vehumet.
  3812 | D:5      | Found a transporter.
  3814 | D:5      | Noticed Darkkill's ghost (novice MiHu)
  3939 | D:5      | Reached XP level 8. HP: 20/71 MP: 7/7
  4228 | D:6      | Found a burning altar of Makhleb.
  4321 | D:6      | Reached skill level 7 in Fighting
  4398 | D:6      | Found a staircase to the Ecumenical Temple.
  4530 | D:6      | Reached XP level 9. HP: 76/80 MP: 8/8
  5059 | D:7      | Found Piarep's Jewellery Shoppe.
  5170 | D:7      | Reached skill level 8 in Fighting
  5190 | D:7      | Found a runed translucent door.
  5190 | D:7      | Found a shimmering altar of Xom.
  5190 | D:7      | Noticed ytrimaz's ghost (novice FoFi)
  5191 | D:7      | Noticed a +1 mace of chaos
  5206 | D:7      | Noticed a troll
  5220 | D:7      | Killed a troll
  5221 | D:7      | Found a flagged portal.
  5246 | Bailey   | Entered a bailey
  5313 | Bailey   | Reached **** piety under Vehumet
  5370 | Bailey   | Offered knowledge of Hailstorm by Vehumet.
  5575 | Bailey   | Reached skill level 9 in Fighting
  5589 | Bailey   | Reached skill level 5 in Dodging
  5969 | Bailey   | Noticed an orc warlord
  5982 | Bailey   | Reached XP level 10. HP: 80/91 MP: 9/9
  6041 | Bailey   | Slain by an orc warrior

Illustrated notes

Levels and vault maps discovered:
D:1:      amcnicky_arrival_underground_garden, layout_basic
D:2:      layout_loops_ring, chequers_ecumenical_altar_island
D:3:      layout_basic, serial_bayou_crossing, uniq_natasha
D:4:      layout_cave_pods, hangedman_abyss_or_decor_passed
D:5:      layout_loops_ring, mainiacjoe_overflow_24_doors,
          gammafunk_ghost_stat_death
D:6:      layout_basic, mainiacjoe_overflow_boulevard, temple_green
D:7:      layout_rooms, beargit_hepliaklqana_dungeon_heroes, enter_bailey_2,
          serial_shops, kennysheep_little_box, ebering_ghost_xom,
          minmay_joined_circles
Bailey:   bailey_axe_minmay_hex_keep, bailey

Skill      XL: |  1  2  3  4  5  6  7  8  9 |
---------------+----------------------------+-----
Fighting       | 4 5 6 7 9 |  9.0
Axes           | 3 4 5 7 8 |  8.5
Armour         | 4 5 6 7 8 |  8.8
Shields        | 4 5 6 7 8 |  8.9
Dodging        | 1 2 3 4 5 |  5.0

Action                   |  1- 3 |  4- 6 |  7- 9 | 10-12 || total
-------------------------+-------+-------+-------+-------++-------
Melee: War axe           |   109 |   107 |   364 |    19 ||   599
       Headbutt          |    14 |    11 |    63 |     6 ||    94
Throw: Throwing net      |       |       |       |     1 ||     1
  Use: Scroll            |       |     2 |     6 |       ||     8
       Potion            |       |       |     4 |     3 ||     7
Armor: Scale mail        |    45 |    40 |    98 |       ||   183
       Plate armour      |       |       |    50 |     6 ||    56
       Troll leather arm |       |       |     3 |       ||     3
Dodge: Dodged            |    58 |    50 |   125 |     4 ||   237
Block: Buckler           |    22 |    19 |    87 |     4 ||   132

Table legend: (Time is in decaauts)
 A = Elapsed time spent in this place.
 B = Non-inter-level travel time spent in this place.
 C = Inter-level travel time spent in this place.
 D = Time resting spent in this place.
 E = Time spent auto-exploring this place.
 F = Levels seen in this place.
 G = Mean time per level.
                   A        B        C        D        E       F      G
               +--------+--------+--------+--------+--------+-----+--------+
         Total |   6189 |   6011 |    178 |    458 |   4103 |   8 |  773.6 |
       Dungeon |   5385 |   5207 |    178 |     80 |   4062 |   7 |  769.3 |
        Bailey |    803 |    803 |      0 |    378 |     41 |   1 |  803.0 |
               +--------+--------+--------+--------+--------+-----+--------+

Top non-repeatable levels by time:
     D:3: 1176 daAuts
     D:6: 853 daAuts
     D:5: 850 daAuts
     D:4: 843 daAuts
  Bailey: 803 daAuts
     D:1: 798 daAuts
     D:2: 574 daAuts
     D:7: 288 daAuts
